 Dungeon Crawl Stone Soup version 0.22-a0-303-g4a852b3 (webtiles) character file.

800 grindst0ne the Skirmisher (level 7, -4/57 HPs)
             Began as a Mummy Fighter on Mar 27, 2018.
             Slain by an ogre
             ... wielding a +0 giant spiked club
              (20 damage)
             ... on level 5 of the Dungeon.
             The game lasted 00:09:41 (4320 turns).

grindst0ne the Skirmisher (Mummy Fighter)           Turns: 4320, Time: 00:09:42

Health: -4/57      AC: 13    Str: 21    XL:     7   Next: 59%
Magic:  7/7        EV:  4    Int:  8    God:
Gold:   135        SH: 10    Dex: 11    Spells: 6/6 levels left

rFire    x . .     SeeInvis .   a - +0 war axe
rCold    + . .     Gourm    .   c - +0 shield
rNeg     + + +     Faith    .   l - +0 plate armour
rPois    ∞         Spirit   .   (no helmet)
rElec    .         Reflect  .   (no cloak)
rCorr    .         Harm     .   (no gloves)
MR       .....                  (no boots)
Stlth    ..........             (no amulet)
HPRegen  0.19/turn              f - +1 ring of protection
MPRegen  0.10/turn              (no ring)

@: no status effects
A: no food or potions, fire vulnerability, cold resistance 1, negative energy
resistance 3, torment resistance, unbreathing
a: no special abilities


You were on level 5 of the Dungeon.
You were not hungry.

You visited 1 branch of the dungeon, and saw 5 of its levels.

You collected 135 gold pieces.

Inventory:

Hand Weapons
 a - a +0 war axe (weapon)
 o - a +0 dagger of draining
Missiles
 n - 8 tomahawks of returning (quivered)
Armour
 b - a +0 scale mail
 c - a +0 shield (worn)
 l - a +0 plate armour (worn)
Jewellery
 e - an uncursed ring of ice
 f - a +1 ring of protection (left hand)
Scrolls
 d - a scroll of remove curse
 g - 2 scrolls of enchant armour {unknown}
 h - 2 scrolls of noise {unknown}
 i - 2 scrolls of immolation {unknown}
 j - 2 scrolls of magic mapping {unknown}
 k - 2 scrolls of identify {unknown}
 m - 3 scrolls of amnesia {unknown}
 p - a scroll of fog {unknown}
 q - a scroll of blinking {unknown}


   Skills:
 + Level 5.7 Fighting
 - Level 1.5 Axes
 + Level 4.6 Armour
 - Level 1.0 Dodging
 + Level 4.7 Shields


You had 6 spell levels left.
You didn't know any spells.

Dungeon Overview and Level Annotations

Branches:
Dungeon (5/15)
 Temple: D:4-7

Altars:

Annotations:
D:4 crawlian's ghost, amateur DEFE


Innate Abilities, Weirdness & Mutations

You do not eat or drink.
Your flesh is vulnerable to fire.
You are immune to poison.
Your flesh is cold resistant. (rC+)
You are immune to negative energy. (rN+++)
You are immune to unholy pain and torment.
You can survive without breathing.


Message History

You block the ogre's attack.
Your shield and plate armour prevent you from hitting the ogre.
The ogre is moderately wounded.
The ogre barely misses you.
Your shield and plate armour prevent you from hitting the ogre.
The ogre is moderately wounded.
The ogre hits you with a giant spiked club!!
* * * LOW HITPOINT WARNING * * *
You slash the ogre!
The ogre is heavily wounded.
The ogre hits you with a giant spiked club.
* * * LOW HITPOINT WARNING * * *
The ogre completely misses you.
You see here 11 poisoned needles.
You aren't carrying any items that you can evoke.
As you read the scroll labeled VIEFAJ WAFF, it crumbles to dust.
You feel blessed for a moment.
It was a scroll of remove curse.
Found a stone staircase leading down.
The ogre hits you with a giant spiked club!!
You die...

............# ##..#####
............####...#...##
...........###..##......##
..............#####......#
............####.##......#
....^......## #..........#
..........## ##.......#..#
......÷...# #..O.......#.#
.....÷...## #..@........#.
...(..<..# #...>..........
........## #..............
##.....## ##.............
####### ###.......###
#########


You could see an ogre.

Vanquished Creatures
  Eustachio (D:4)
  A sky beast (D:4)
  A necrophage (D:4)
  An ogre (D:4)
  A scorpion (D:4)
  A hound (D:5)
  A centaur skeleton (D:4)
  An orc wizard (D:4)
  Terence (D:3)
  2 worker ants
  9 adders
  An ooze (D:3)
  3 dart slugs (D:1)
  5 leopard geckos
  7 orcs
  8 giant cockroaches
  6 goblins
  10 hobgoblins
  4 jackals (D:5)
  5 quokkas
  2 ball pythons
  9 bats
  9 frilled lizards
  5 kobolds
  8 rats
102 creatures vanquished.

Notes
Turn   | Place    | Note
-------+----------+-------------------------------------------
     0 | D:1      | grindst0ne the Mummy Fighter began the quest for the Orb.
     0 | D:1      | Reached XP level 1. HP: 18/18 MP: 1/1
   147 | D:1      | Reached XP level 2. HP: 8/24 MP: 2/2
   489 | D:1      | Reached XP level 3. HP: 24/29 MP: 3/3
  1044 | D:2      | Reached XP level 4. HP: 28/37 MP: 4/4
  1543 | D:2      | Reached skill level 4 in Fighting
  1872 | D:3      | Reached skill level 1 in Dodging
  1874 | D:3      | Reached XP level 5. HP: 35/42 MP: 5/5
  1908 | D:3      | Noticed Terence
  2034 | D:3      | Killed Terence
  2360 | D:4      | Noticed Eustachio
  2416 | D:4      | Killed Eustachio
  2416 | D:4      | Reached XP level 6. HP: 26/50 MP: 6/6
  2666 | D:4      | Reached skill level 5 in Fighting
  2680 | D:4      | Reached XP level 7. HP: 41/56 MP: 7/7
  2903 | D:4      | Noticed crawlian's ghost (amateur DEFE)
  3487 | D:5      | Entered Level 5 of the Dungeon
  4320 | D:5      | Slain by an ogre

Vault maps used:
D:1:      nagdon_arrival_double_spiral
D:2:      minivault_14
D:3:      first_ration, uniq_terence
D:4:      minmay_bent, uniq_eustachio
D:5:      serial_column_ruins, column_ruins_hut, column_ruins_corridor_corner,
          column_ruins_open_small, column_ruins_open_small,
          column_ruins_open_tiny, column_ruins_open_tiny, uniq_duvessa

Skill      XL: |  1  2  3  4  5  6 |
---------------+-------------------+-----
Shields        | 3 4 |  4.7
Armour         | 3 4 |  4.6
Fighting       | 4 5 |  5.7
Dodging        | 1 |  1.0
Axes           | |  1.5

Action                   |  1- 3 |  4- 6 |  7- 9 || total
-------------------------+-------+-------+-------++-------
Melee: War axe           |   139 |   222 |    98 ||   459
       Dagger            |       |    47 |       ||    47
  Use: Scroll            |       |       |     1 ||     1
Armor: Scale mail        |    89 |    12 |       ||   101
       Plate armour      |       |   203 |    79 ||   282
Dodge: Dodged            |    54 |    64 |    20 ||   138
Block: Shield            |    62 |   189 |    54 ||   305

Table legend:
 A = Spawn XP
 B = Non-spawn XP
 C = Spawn XP percentage of total XP
 D = Spawn monster count
 E = Non-spawn monster count
 F = Spawn count percentage of total count
 G = Total turns spent on level
                    A         B        C        D         E        F      G
               +---------+---------+-------+---------+---------+-------+---------
         Total |       0 |    1143 |   0.0 |       0 |     102 |   0.0 |  4320
               +---------+---------+-------+---------+---------+-------+---------
           D:1 |       0 |      49 |   0.0 |       0 |      27 |   0.0 |   776
           D:2 |       0 |     126 |   0.0 |       0 |      29 |   0.0 |   979
           D:3 |       0 |     113 |   0.0 |       0 |      23 |   0.0 |   963
           D:4 |       0 |     804 |   0.0 |       0 |      18 |   0.0 |  1372
           D:5 |       0 |      51 |   0.0 |       0 |       5 |   0.0 |   230
               +---------+---------+-------+---------+---------+-------+---------
